 Dungeon Crawl Stone Soup version 0.26-a0-29-gb080af9 (webtiles) character file.

Game seed: 7956206509261255880, levelgen mode: deterministic

40 AtlasWard the Twirler (level 3, 0/22 HPs)
             Began as a Tengu Gladiator on May 28, 2020.
             Slain by a worm (11 damage)
             ... on level 2 of the Dungeon.
             The game lasted 00:00:33 (960 turns).

AtlasWard the Twirler (Tengu Gladiator)              Turns: 960, Time: 00:00:33

Health: 0/22       AC:  3    Str: 15    XL:     3   Next: 50%
Magic:  4/4        EV: 13    Int:  8    God:
Gold:   6          SH:  0    Dex: 15    Spells: 2/2 levels left

rFire    . . .     SeeInvis .   a - +0 quarterstaff
rCold    . . .     Gourm    .   (shield currently unavailable)
rNeg     . . .     Faith    .   b - +0 leather armour
rPois    .         Spirit   .   c - +0 hat
rElec    .         Reflect  .   (no cloak)
rCorr    .         Harm     .   (no gloves)
MR       .....                  (boots unavailable)
Stlth    +.........             (no amulet)
HPRegen  0.07/turn              (no ring)
MPRegen  0.09/turn              (no ring)

@: lethally poisoned (0 -> -6)
A: beak, talons 3
a: no special abilities


You were on level 2 of the Dungeon.
You were not hungry.

You visited 1 branch of the dungeon, and saw 2 of its levels.

You collected 6 gold pieces.

Inventory:

Hand Weapons
 a - a +0 quarterstaff (weapon)
Missiles
 d - 3 throwing nets (quivered)
Armour
 b - a +0 leather armour (worn)
 c - a +0 hat (worn)
Scrolls
 h - a scroll of identify {unknown}
 j - a scroll of amnesia {unknown}
Potions
 e - a potion of brilliance {unknown}
 i - 2 potions of cancellation {unknown}
Comestibles
 f - 4 rations


   Skills:
 * Level 2.8 Fighting
 * Level 4.0 Staves
 - Level 2.0 Throwing
 + Level 3.6 Dodging


You had 2 spell levels left.
You didn't know any spells.
Your spell library was empty.

Dungeon Overview and Level Annotations

Branches:
Dungeon (2/15)

Altars:


Innate Abilities, Weirdness & Mutations

You have a beak for a mouth.
You have claws for feet.


Message History

You are more poisoned.
The adder poisons you! The adder barely misses you.
You closely miss the adder. Your kick misses the adder.
Your peck misses the adder.
The adder is heavily wounded.
You feel sick. The adder bites you but does no damage.
You completely miss the adder.
The adder is heavily wounded.
You feel sick. The adder barely misses you.
The adder bites you but does no damage.
You hit the adder but do no damage. Your kick misses the adder.
The adder is heavily wounded.
The adder misses you.
You hit the adder. You claw the adder.
You kill the adder!
Your Staves skill increases to level 4!
You feel sick.
You feel sick. The worm bites you!
Ouch! That really hurt!
You die...

. ...
##...###########
#.....w@†......#
#....#####.....#
#.. #.....# #
#....<# #######


You could see a worm.

Vanquished Creatures
  An adder (D:2)
  A dart slug (D:1)
  A leopard gecko (D:1)
  3 giant cockroaches (D:1)
  4 hobgoblins (D:1)
  3 jackals (D:2)
  4 bats (D:1)
  3 goblins
  2 kobolds (D:1)
  5 rats
27 creatures vanquished.

Notes
Turn   | Place    | Note
-------+----------+-------------------------------------------
     0 | D:1      | AtlasWard the Tengu Gladiator began the quest for the Orb.
     0 | D:1      | Reached XP level 1. HP: 12/12 MP: 2/2
   293 | D:1      | Reached XP level 2. HP: 17/17 MP: 3/3
   778 | D:1      | Reached XP level 3. HP: 21/22 MP: 4/4
   959 | D:2      | Reached skill level 4 in Staves
   960 | D:2      | Slain by a worm

Illustrated notes

Levels and vault maps discovered:
D:1:      dpeg_arrival_three_same_balls, layout_loops_corners
D:2:      layout_basic, minmay_split_cup_small

Skill      XL: |  1  2  3 |
---------------+----------+-----
Staves         | 4 |  4.0
Fighting       | |  2.8
Throwing       | |  2.0
Dodging        | |  3.6

Action                   || total
-------------------------++-------
Melee: Quarterstaff      ||    68
       Kick              ||    18
       Peck              ||     7
 Stab: Sleeping          ||     1
Armor: Leather armour    ||    15
Dodge: Dodged            ||    58

Table legend:
 A = Non-vault XP
 B = Vault XP
 C = Vault XP percentage of total XP
 D = Non-vault monster count
 E = Vault monster count
 F = Vault count percentage of total count
                 A         B        C        D         E       F
            +---------+---------+-------+---------+---------+-------
      Total |      58 |       0 |   0.0 |      27 |       0 |   0.0
            +---------+---------+-------+---------+---------+-------
        D:1 |      36 |       0 |   0.0 |      21 |       0 |   0.0
        D:2 |      22 |       0 |   0.0 |       6 |       0 |   0.0
            +---------+---------+-------+---------+---------+-------
